 BcadrenCrawl: Boulder Brew version 0.03.3.1-25-g7b9318e587 (webtiles) character file.

Game seed: 5406045612758872159, levelgen mode: deterministic

139304 Chiseanne the Sniper (level 17, -3/104 HPs) Goblin Demonspawn. Began on Mar 16, 2021. Was an Initiate of Gozag Ym Sagoz. Slain by a naga warrior ... wielding a cursed +2 trident of venom {(Curse: Fragile)} (17 damage) ... on level 1 of the Snake Pit on Mar 17, 2021. The game lasted 01:58:47 (22321 turns).

Chiseanne the Sniper (Goblin Demonspawn)           Turns: 22321, Time: 01:58:47

Health: -3/104     AC: 17    Str:  6    XL:     17 ^: 6037
Magic:  20/20      EV: 18    Int:  8    God:    Gozag Ym Sagoz
Gold:   1257       SH:  9    Dex:  6    Spells: 17/18 levels left

rFire    + . .     Vision   +   a - +2 katar (venom)
rCold    + + .     Gourm    .   G - +8 targe of Destruction {speed, *Drain +Blink rElec Stlth+}
rNeg     + + .     Faith    .   z - +1 scale mail "Peloff" {*Corrode rPois rC+ Slay+2}
rPois    +         Spirit   .   m - +2 helmet {+Vis}
rElec    +         Reflect  .   y - +2 cloak {+Inv}
rCorr    .         Harm     .   A - +2 pair of gloves {wield}
MR       +....                  (no boots)
Stlth    +++.......             W - amulet of chaos
HPRegen  0.44/turn              x - ring "Ona Jes" {rF+ rC+ EV+5 Str-2 Int+2}
MPRegen  0.30/turn              S - ring "Zysiyth" {rN++ MR+ Slay+5 Stlth-}

@: lethally poisoned (-3 -> -4), gold aura, constricted, studying 2 skills
A: small, stagnant stats, goblin's greed, hooves 1, foul stench 1, low mp 1,
mutation resistance 1, powered by pain 2, rot immunity, sturdy frame 3, god's
pity 2
a: Potion Petition, Call Merchant, Bribe Branch, Renounce Religion, Evoke Blink,
Evoke Invisibility


You were on level 1 of the Snake Pit.
You worshipped Gozag Ym Sagoz.
Gozag Ym Sagoz was most pleased with you.
You were full.

You visited 5 branches of the dungeon, and saw 19 of its levels.
You also visited: Ice Cave.

You collected 18170 gold pieces.
You spent 10109 gold pieces at shops.
You paid 10449 gold pieces to Gozag.

Inventory:

Weapons
 a - a +2 katar of venom (weapon)
 s - a +6 rapier of venom
 w - the +8 hand crossbow "Feenes" {elec, rElec rPois rF+ Stlth+}
   (You bought it in a shop on level 4 of the Dungeon)

   It charges the ammunition it shoots with electricity; occasionally upon a
   hit, such missiles may discharge and cause terrible harm.
   It protects you from fire.
   It insulates you from electricity.
   It protects you from poison.
   It makes you more stealthy.
 O - a +3 war axe of molten steel Shields
 G - the +8 targe of Destruction (weapon) {speed, *Drain +Blink rElec Stlth+}
   (You bought it in a shop on level 4 of the Dungeon)

   Base shield rating: 7 Skill to remove penalty: 24.5 It insulates you from
   electricity.
   It lets you blink.
   It causes draining when unequipped.
   It makes you more stealthy.
Armour
 m - a +2 helmet of improved vision (worn)
 y - a +2 cloak of invisibility (worn)
 z - the +1 scale mail "Peloff" (worn) {*Corrode rPois rC+ Slay+2}
   (You bought it in a shop on level 8 of the Dungeon)

   It affects your accuracy and damage with ranged weapons and melee attacks
   (+2).
   It protects you from cold.
   It protects you from poison.
   It may corrode you when you take damage.
 A - a +2 pair of gloves of wielding (worn)
Jewellery
 x - the ring "Ona Jes" (left hand) {rF+ rC+ EV+5 Str-2 Int+2}
   (You bought it in a shop on level 7 of the Dungeon)

   [ring of evasion]

   It affects your evasion (+5).
   It affects your strength (-2).
   It affects your intelligence (+2).
   It protects you from fire.
   It protects you from cold.
 S - the ring "Zysiyth" (right hand) {rN++ MR+ Slay+5 Stlth-}
   (You bought it in a shop on level 8 of the Dungeon)

   [ring of slaying]

   It affects your accuracy and damage with ranged weapons and melee attacks
   (+5).
   It greatly protects you from negative energy.
   It affects your resistance to hostile enchantments.
   It makes you less stealthy.
 W - an amulet of chaos (around neck)
Wands
 c - a wand of hasting (6)
 j - a wand of clouds (6)
 l - a wand of disintegration (1)
 B - a wand of enslavement (13)
 C - a wand of flame (19)
 E - a wand of acid (30)
 R - a wand of iceblast (13)
 U - a wand of polymorph (3)
Scrolls
 i - 6 scrolls of magic mapping
 k - 4 scrolls of blinking
 n - 7 scrolls of teleportation
 q - 7 scrolls of fog
 r - a scroll of fear
 F - 2 scrolls of immolation
 M - 3 scrolls of summoning
 P - 2 scrolls of silence
Potions
 e - a potion of magic
 f - 3 potions of cancellation
 g - 9 potions of heal wounds
 h - 10 potions of curing
 t - 5 potions of agility
 u - 4 potions of ambrosia
 D - 4 potions of mutation
 H - 2 potions of resistance
 I - 7 potions of berserk rage
 J - 4 potions of might
 K - 3 potions of invisibility
 L - 5 potions of haste
Miscellaneous
 b - a lamp of fire
 p - a fan of gales
 v - a box of beasts
 T - a crystal ball of energy
Comestibles
 d - 18 rations


   Skills:
 - Level 5.7 Fighting
 - Level 10.5 Short Blades
 - Level 23.0 Crossbows
 - Level 4.0 Armour
 - Level 10.8 Dodging
 - Level 9.3 Stealth
 + Level 20.5 Shields
 - Level 1.3 Spellcasting
 - Level 2.6 Fire Magic
   Level 4.0 Invocations
 - Level 8.7 Evocations


You had 17 spell levels left.
You knew the following spells:

 Your Spells              Type           Power        Failure   Level  Hunger
a - Lick                  Fire           4 (30)       22%         1    ##.....

Your spell library contained the following spells:

 Spells                   Type           Power        Failure   Level  Hunger
 Ephemeral Spirits        Fire           4 (25)       22%         1    ##.....
 Searing Ray              Fire           4 (50)       32%         2    ###....
 Magic Candle             Hex/Fire       2 (90)       36%         1    ##.....
 Beastly Appendage        Tmut           0 (50)       54%         1    ##.....
 Confusing Touch          Hex            0 (50)       54%         1    ##.....
 Summon Small Mammal      Summ           0 (25)       54%         1    ##.....
 Random Cloud             Fire           4 (100)      54%         3    ####...
 Blink                    Tloc           N/A          69%         2    ###....
 Call Imp                 Summ           0 (100)      69%         2    ###....
 Slow                     Hex            0 (100)      69%         2    ###....
 Sticks to Snakes         Tmut           0 (100)      69%         2    ###....
 Well of Chaos            Hex/Fire       2 (100)      75%         3    ####...
 Chaotic Cloudburst       Pois/Air       0 (100)      89%         3    ####...
 Scorpion Form            Tmut/Pois      0 (200)      89%         3    ####...
 Snakes to Sticks         Hex/Tmut       0 (100)      89%         3    ####...
 Sticky Flame             Fire/Pois      2 (100)      98%         4    #####..
 Chaos Burst              Fire           4 (200)      99%         5    ######.
 Ice Form                 Ice/Tmut       0 (100)      100%        4    #####..
 Blade Hands              Tmut           0 (200)      100%        5    ######.
 Chaotic Arrow            Pois           0 (200)      100%        6    #######
 Chain of Chaos           Air            0 (200)      100%        8    #######
 Chaos Crystal            Erth           0 (200)      100%        8    #######
 Cone of Craziness        Ice            0 (200)      100%        9    #######
 Entropic Storm           Fire           4 (200)      100%        9    #######


Dungeon Overview and Level Annotations

Branches:
Dungeon (8/8)              Temple (1/1) D:4            Lair (6/6) D:5
 Shoals (0/4) Lair:4        Snake (2/4) Lair:3        Slime (0/5) Lair:6
    Orc (2/2) D:6             Elf (0/3) Orc:2        Vaults (0/5) D:7
 Depths (0/5) D:8           IceCv (visited)

Altars:
Ashenzari
Cheibriados
Dithmenos
Elyvilon
Fedhas Madash
Gozag Ym Sagoz
Makhleb
Nemelex Xobeh
Okawaru
Qazlal
Trog
Uskayaw
Vehumet
Yredelemnul
Zin
The Shining One
Beogh
Jiyva

Shops:
D:4 (=([   D:7 %?=   D:8 =*[   Orc:1 }   Orc:2 (%*%

Annotations:
D:7 2 transporters, exclusion: 4 doors, kuzco6543's ghost, journeyman CeHu


Innate Abilities, Weirdness & Mutations

Your stats never grow through leveling.
Your goblin ancestry allows you to find more gold. (+20%)
You are small and have problems with some larger weapons.
You have large cloven feet.
You may emit foul miasma when damaged in melee.
Your magical capacity is low. (-10% MP)
You are somewhat resistant to further mutation.
You sometimes gain power by taking damage.
You are immune to rotting.
Your movements are significantly less encumbered by armour. (ER -6)
The pity of the gods increases the power of your passive and invoked divine abilities.


Message History

You block the naga warrior's attack. The naga warrior grabs you.
The naga warrior constricts you (3).
The naga warrior becomes distracted by the nearby gold, dreaming of imaginary riches.
The naga warrior constricts you (0).
You barely miss the naga warrior.
The naga warrior is no longer distracted by gold.
The naga warrior shouts!
You sock the naga warrior (10)!
You feel sick. (1)
The naga warrior spits poison at you. The splash of poison misses you.
The naga warrior constricts you (4). You block the naga warrior's attack.
The naga warrior misses you (0).
* * * LOW HITPOINT WARNING * * *
The naga warrior constricts you (6). The naga warrior blocks your attack.
You sock the naga warrior (13)!
The naga warrior hits you with a cursed +2 trident of venom {(Curse: Fragile)} (18)!!
* * * LOW HITPOINT WARNING * * *
The naga warrior hits you with a +0 nunchaku (17)!
You die...
Your body crumbles into a pile of gold.

##.#...[....###.##.### ###.
#.#....).....#.##.# ##
#>..##.#.###...#..############
###...........................
#.....##.####..#.........####
#.....##......##.........#
#......##......#.........####
######.###.#.N)).............
#....#..@#>...###########
#......#####..## # #......#
#.....### # #....#.###.###...# #
#..........#####.### ##
###.###......###...#####.
###########..#######).####.......
................## ##....###.....
#######..........####........####


You could see a naga warrior.

Vanquished Creatures
  Jorgrun (Orc:2)
  Circe (Lair:6)
  Agnes (D:8)
  An orc warlord (Orc:2)
  A white draconian (IceCv)
  Azrael (D:7)
  A fire dragon (D:8)
  Snorg (Orc:2)
  2 mummy priests
  3 naga warriors (Snake:1)
  A lorocyproca (Orc:1)
  A very ugly thing (D:8)
  4 boulder beetles
  A rakshasa (D:7)
  2 ogre magi (D:8)
  Erica (Orc:1)
  Urug (D:7)
  An ettin (D:8)
  5 orc high priests (Orc:2)
  A shock serpent (Snake:1)
  6 naga sharpshooters (Snake:1)
  5 unseen horrors
  2 anacondas (Snake:1)
  8 hydras
  A fire crab (shapeshifter) (D:8)
  A fire crab (D:8)
  A tengu warrior (D:7)
  5 orc knights
  6 two-headed ogres
  A naga ritualist (Snake:1)
  5 centaur warriors (D:8)
  2 torpor snails (Lair:5)
  A deep troll (D:8)
  2 guardian serpents
  10 death yaks
  A deep elf mage (D:6)
  A sixfirhy (Orc:2)
  A manticore (D:8)
  A salamander (Snake:1)
  5 orc sorcerers (Orc:2)
  A merfolk siren (Lair:4)
  35 giraffes
  A naga mage (Snake:1)
  3 mana vipers
  An ice statue (IceCv)
  19 black mambas
  2 ugly things
  A rime drake (IceCv)
  2 yaktaurs
  14 elephants
  4 wolf spiders
  A meliai (D:8)
  9 spiny frogs
  6 trolls
  7 komodo dragons
  4 red devils (D:7)
  14 polar bears (IceCv)
  2 hornets (Lair:6)
  A ynoxinul (Orc:1)
  Prince Ribbit (D:2)
  30 blink frogs
  A wraith (D:8)
  Grinder (D:3)
  2 shadows (D:7)
  8 dream sheep
  3 cyclopes (D:8)
  47 yaks
  13 wyverns
  3 fire elementals (D:7)
  7 hogs (Lair:6)
  2 basilisks
  A hungry ghost (D:5)
  3 vampire mosquitoes
  2 guardian mummies
  2 slime creatures
  8 nagas
  5 redbacks
  6 wargs
  A soldier ant (shapeshifter) (D:8)
  45 orc warriors
  25 water moccasins
  4 hell hounds (D:7)
  A scorpion (D:4)
  3 ice beasts (D:5)
  18 porcupines
  4 sky beasts
  16 ogres
  A wolf (shapeshifter) (D:8)
  35 wolves
  A boggart (D:8)
  An elephant skeleton (Lair:2)
  21 crocodiles
  2 komodo dragon zombies (Lair:2)
  A swooping magpie zombie (Lair:2)
  8 big kobolds
  Blork the orc (D:3)
  A komodo dragon skeleton (Lair:2)
  24 bullfrogs
  A black mamba zombie (Lair:2)
  2 spiny frog zombies (Lair:2)
  A centaur (D:6)
  A meliai zombie (D:6)
  A yak zombie (Lair:2)
  2 howler monkeys (D:5)
  A spiny frog skeleton (Lair:2)
  A killer bee (D:6)
  5 electric eels
  3 hornet zombies (D:4)
  5 wights (D:5)
  6 jellies
  2 crimson imps
  32 orc priests
  4 hounds (D:5)
  22 orc wizards
  Terence (D:2)
  7 worker ants
  2 iguanas
  4 hell rats (Lair:6)
  2 water moccasin zombies (Lair:2)
  A wyvern zombie (Lair:2)
  A crocodile zombie (Lair:2)
  3 wyvern skeletons
  A crocodile skeleton (Lair:2)
  11 giant cockroaches
  2 bullfrog zombies
  A bullfrog skeleton (D:4)
  A porcupine skeleton (D:3)
  A wolf skeleton (Lair:2)
  7 adders
  48 sewer rats (D:2)
  A white imp (D:4)
  5 cinder newts
  A worm (D:2)
  A howler monkey skeleton (D:5)
  4 oozes
  2 dart slugs (D:1)
  5 leopard geckos
  106 orcs
  An adder skeleton (D:2)
  An adder zombie (D:5)
  A cinder newt skeleton (D:2)
  8 goblins
  7 hobgoblins (D:1)
  3 jackals (D:4)
  24 kobolds
  2 quokkas
  2 ball pythons
  A ball python skeleton (D:2)
  11 bats
  A bat skeleton (D:2)
  A hobgoblin skeleton (D:2)
  A jackal skeleton (D:2)
  A kobold skeleton (D:2)
  A leopard gecko skeleton (D:2)
  9 rats
  A rat skeleton (D:2)
  A butterfly (D:5)
  3 fungi
  21 plants
  8 withered plants (D:2)
997 creatures vanquished.

Vanquished Creatures (collateral kills)
  A death yak (Lair:5)
  A wolf (Lair:1)
2 creatures vanquished.

Vanquished Creatures (others)
  A polar bear (IceCv)
  A bat skeleton (D:2)
  2 kobolds (D:2)
  3 bushes
  4 butterflies (D:8)
  22 fungi
  26 plants
  A slimehead (D:2)
  86 withered plants (D:2)
146 creatures vanquished.

Grand Total: 1145 creatures vanquished

Notes
Turn   | Place    | Note
-------+----------+-------------------------------------------
     0 | D:1      | Chiseanne the Goblin Demonspawn began the quest for the
                  | Orb.
     0 | D:1      | Reached XP level 1. HP: 13/13 MP: 2/2
    37 | D:1      | Gained mutation: You sometimes gain a little power by
                  | taking damage. [demonic ancestry]
    37 | D:1      | Reached XP level 2. HP: 19/19 MP: 3/3
    69 | D:1      | Reached XP level 3. HP: 24/24 MP: 4/4
   101 | D:1      | Reached skill level 1 in Armour
   242 | D:1      | Gained mutation: You sometimes gain power by taking damage.
                  | [demonic ancestry]
   242 | D:1      | Reached XP level 4. HP: 28/29 MP: 5/5
   494 | D:1      | Reached skill level 5 in Dodging
   523 | D:1      | Reached XP level 5. HP: 35/35 MP: 6/6
   725 | D:2      | Noticed Terence
   738 | D:2      | Killed Terence
   741 | D:2      | Reached XP level 6. HP: 39/41 MP: 7/7
   914 | D:2      | Reached skill level 5 in Short Blades
  1088 | D:2      | Found a hide-covered altar of Uskayaw.
  1091 | D:2      | Found a white marble altar of Elyvilon.
  1135 | D:2      | Reached XP level 7. HP: 45/46 MP: 8/8
  1297 | D:3      | Noticed Grinder
  1590 | D:2      | Gained mutation: Your movements are slightly less
                  | encumbered by armour. (ER -2) [demonic ancestry]
  1590 | D:2      | Reached XP level 8. HP: 43/54 MP: 8/8
  2094 | D:2      | Noticed Prince Ribbit
  2122 | D:2      | Killed Prince Ribbit
  2202 | D:2      | Reached skill level 5 in Fighting
  2267 | D:2      | Reached XP level 9. HP: 61/61 MP: 9/9
  2659 | D:3      | Reached skill level 5 in Stealth
  2697 | D:3      | Noticed Blork the orc
  2725 | D:3      | Killed Blork the orc
  2766 | D:3      | Identified a scroll of acquirement
  3107 | D:4      | Found a staircase to the Ecumenical Temple.
  3116 | Temple   | Entered the Ecumenical Temple
  3139 | Temple   | Became a worshipper of Gozag Ym Sagoz the Greedy
  3156 | D:4      | Bought a runed rapier for 196 gold pieces
  3156 | D:4      | Bought an ancient spear {pierce} for 224 gold pieces
  3156 | D:4      | Identified the +2 spear of Dung {pierce, rF+ rN+ Dex+4
                  | Stlth-} (You bought it in a shop on level 4 of the Dungeon)
  3166 | D:4      | Bought a +0 pair of gloves of wielding for 222 gold pieces
  3181 | D:4      | Bought the +8 hand crossbow "Feenes" {elec, rElec rPois rF+
                  | Stlth+} for 1303 gold pieces
  3395 | D:4      | Reached skill level 1 in Crossbows
  3523 | D:4      | Reached skill level 2 in Crossbows
  3623 | D:5      | Entered Level 5 of the Dungeon
  3644 | D:5      | Reached XP level 10. HP: 62/68 MP: 10/10
  3766 | D:5      | Noticed a two-headed ogre
  3769 | D:5      | Killed a two-headed ogre
  3769 | D:5      | Reached skill level 3 in Crossbows
  3830 | D:5      | Reached skill level 4 in Crossbows
  3830 | D:5      | Reached skill level 10 in Dodging
  3972 | D:5      | Reached skill level 10 in Short Blades
  3981 | D:5      | Reached skill level 5 in Crossbows
  4012 | D:5      | Reached XP level 11. HP: 72/72 MP: 11/11
  4182 | D:5      | Reached skill level 6 in Crossbows
  4257 | D:4      | Bought a +3 ring mail of cold resistance for 312 gold
                  | pieces
  4324 | D:5      | Found a staircase to the Lair.
  4624 | Lair:1   | Entered Level 1 of the Lair of Beasts
  4759 | Lair:1   | Reached skill level 7 in Crossbows
  4832 | Lair:1   | Reached skill level 8 in Crossbows
  4836 | Lair:1   | Reached skill level 9 in Crossbows
  4837 | Lair:1   | Noticed a six-headed hydra
  4851 | Lair:1   | Killed a six-headed hydra
  4912 | Lair:1   | Reached skill level 10 in Crossbows
  5072 | Lair:1   | Reached skill level 11 in Crossbows
  5457 | Lair:1   | Reached skill level 12 in Crossbows
  5457 | Lair:1   | Gained mutation: You are immune to rotting. [demonic
                  | ancestry]
  5457 | Lair:1   | Reached XP level 12. HP: 78/78 MP: 12/12
  5923 | D:4      | Bought the +8 targe of Destruction {speed, *Drain +Blink
                  | rElec Stlth+} for 1218 gold pieces
  6058 | Lair:2   | Reached skill level 13 in Crossbows
  6201 | Lair:2   | Reached skill level 14 in Crossbows
  6419 | Lair:2   | Reached skill level 1 in Shields
  6425 | Lair:2   | Reached skill level 15 in Crossbows
  6626 | Lair:2   | Gained mutation: Your movements are less encumbered by
                  | armour. (ER -4) [demonic ancestry]
  6626 | Lair:2   | Reached XP level 13. HP: 83/83 MP: 13/13
  7026 | D:6      | Reached skill level 16 in Crossbows
  7027 | D:6      | Found a frozen archway.
  7051 | IceCv    | Entered an ice cave
  7164 | IceCv    | Reached skill level 1 in Evocations
  7339 | IceCv    | Identified the cursed +8 long sword of Tender Mercy {slice,
                  | Fragile rPois Int+4, (Curse: MR-)}
  7411 | IceCv    | Reached skill level 17 in Crossbows
  7724 | IceCv    | Noticed a white draconian
  7728 | IceCv    | Killed a white draconian
  7973 | D:6      | Reached skill level 18 in Crossbows
  8097 | D:3      | Killed Grinder
  8554 | D:6      | Found a staircase to the Orcish Mines.
  8773 | D:6      | Found a stormy altar of Qazlal.
  8774 | D:6      | Found a glowing silver altar of Zin.
  9041 | D:7      | Found a transporter.
  9058 | D:7      | Reached skill level 5 in Shields
  9058 | D:7      | Gained mutation: You have large cloven feet. [demonic
                  | ancestry]
  9058 | D:7      | Reached XP level 14. HP: 44/89 MP: 14/14
  9175 | D:7      | Noticed Urug
  9189 | D:7      | Killed Urug
  9304 | D:7      | Bought a scroll of summoning for 152 gold pieces
  9304 | D:7      | Bought a scroll of enchantment for 120 gold pieces
  9304 | D:7      | Bought a scroll of fear for 56 gold pieces
  9304 | D:7      | Bought a scroll of enchantment for 120 gold pieces
  9304 | D:7      | Bought a scroll of immolation for 56 gold pieces
  9304 | D:7      | Bought a scroll of vulnerability for 120 gold pieces
  9304 | D:7      | Bought a scroll of blinking for 120 gold pieces
  9310 | D:7      | Bought the ring "Ona Jes" {rF+ rC+ EV+5 Str-2 Int+2} for
                  | 1292 gold pieces
  9321 | D:7      | Found Cam Gosm's Food Shoppe.
  9642 | D:7      | Noticed Azrael
  9646 | D:7      | Killed Azrael
  9701 | D:7      | Reached skill level 19 in Crossbows
  9722 | D:7      | Found a transporter.
  9722 | D:7      | Noticed kuzco6543's ghost (journeyman CeHu)
  9765 | D:7      | Reached skill level 5 in Evocations
 10038 | D:7      | Found a gate to the Vaults.
 10220 | D:8      | Entered Level 8 of the Dungeon
 10226 | D:8      | Identified the cursed ring of Saur {Ice rPois rN+ Int+4
                  | Dex-2, (Curse: Fragile MR-)}
 10232 | D:8      | Noticed Agnes
 10239 | D:8      | Killed Agnes
 10457 | D:8      | Found a radiant altar of Vehumet.
 10458 | D:8      | Found a snail-covered altar of Cheibriados.
 10661 | D:8      | Reached skill level 20 in Crossbows
 10712 | D:8      | Identified the +6 broad axe of Uncertain Death {chop, +Inv
                  | rPois rF++ MR-}
 10740 | D:8      | Found a staircase to the Depths.
 10803 | D:8      | Gained mutation: Your movements are significantly less
                  | encumbered by armour. (ER -6) [demonic ancestry]
 10803 | D:8      | Reached XP level 15. HP: 94/94 MP: 16/16
 11201 | D:8      | HP: 3/94 [red very ugly thing/iceblast (42)]
 11945 | Orc:1    | Entered Level 1 of the Orcish Mines
 12293 | Orc:1    | Noticed Erica
 12359 | Orc:1    | Killed Erica
 12575 | Orc:1    | Found Yluer's Gadget Emporium.
 12582 | Orc:1    | Bought a wand of clouds (3) for 273 gold pieces
 12894 | Orc:2    | Entered Level 2 of the Orcish Mines
 12976 | Orc:2    | Found a roughly hewn altar of Beogh.
 13211 | Orc:2    | Reached skill level 21 in Crossbows
 13242 | Orc:2    | Found Ybat's Antique Weapon Emporium.
 13254 | Orc:2    | Found Uxiar's Food Shoppe.
 13613 | Orc:2    | Found Wuduk's Assorted Antiques.
 13646 | Orc:2    | Bought a viscous red potion for 30 gold pieces
 13646 | Orc:2    | Bought a scroll of teleportation for 102 gold pieces
 13646 | Orc:2    | Bought a sack of spiders for 680 gold pieces
 13658 | Orc:2    | Found a roughly hewn altar of Beogh.
 13658 | Orc:2    | Noticed an orc warlord
 13741 | Orc:2    | Found Jyaf's Food Shoppe.
 13799 | Orc:2    | Killed an orc warlord
 14079 | Orc:2    | Found a staircase to the Elven Halls.
 14190 | Orc:2    | Identified the cursed ring "Zelic" {rPois rC+ MP+9, (Curse:
                  | Fragile)}
 14269 | Orc:2    | Noticed Snorg
 14463 | Orc:2    | Killed Snorg
 14671 | Orc:2    | Noticed Jorgrun
 14683 | Orc:2    | Killed Jorgrun
 14683 | Orc:2    | Reached XP level 16. HP: 66/99 MP: 18/18
 14740 | Orc:2    | Reached skill level 22 in Crossbows
 15235 | D:8      | Bought the +1 scale mail "Peloff" {*Corrode rPois rC+
                  | Slay+2} for 510 gold pieces
 16232 | Lair:3   | Found a staircase to the Snake Pit.
 16566 | Lair:3   | Reached skill level 10 in Shields
 17533 | Lair:4   | Found a staircase to the Shoals.
 18115 | Lair:5   | Reached skill level 23 in Crossbows
 18390 | Lair:5   | Identified the +7 crystal plate of the Lich-sworn {rElec
                  | Str+3} (You acquired it on level 5 of the Lair of Beasts)
 19204 | Lair:6   | Entered Level 6 of the Lair of Beasts
 19472 | Lair:6   | Gained mutation: You may emit foul miasma when damaged in
                  | melee. [demonic ancestry]
 19472 | Lair:6   | Reached XP level 17. HP: 104/104 MP: 20/20
 19572 | Lair:6   | Reached skill level 15 in Shields
 19594 | Lair:6   | Found a staircase to the Slime Pits.
 19596 | Lair:6   | Found a viscous altar of Jiyva.
 20331 | Lair:6   | Noticed Circe
 20528 | Lair:6   | Killed Circe
 21061 | D:8      | Bought the ring "Zysiyth" {rN++ MR+ Slay+5 Stlth-} for 2673
                  | gold pieces
 21084 | D:8      | Bought a +1 helmet of improved vision for 330 gold pieces
 21117 | D:8      | Upgraded the game from 0.03.3.1-23-g1bb4725dbf to
                  | 0.03.3.1-25-g7b9318e587
 21262 | Snake:1  | Entered Level 1 of the Snake Pit
 21479 | Snake:1  | Identified the cursed ring of Xiwisaf {*Slow -Vis rElec
                  | rC+++ AC+5, (Curse: Fragile Str-2)}
 21808 | Snake:1  | Found a sparkling altar of Nemelex Xobeh.
 22321 | Snake:1  | Slain by a naga warrior

Levels and vault maps discovered:
D:1:      lightli_arrival_quake, layout_cave_pools, first_ration
D:2:      layout_sewer, minitemple, sewer_frog_pond, serial_shops,
          shop_fountains, uniq_terence
D:3:      layout_rooms, uniq_blork_the_orc, uniq_grinder
D:4:      layout_big_octagon, minmay_temple_entry_glassed_door
D:5:      layout_cave_pods, minmay_lair_entry_grove
D:6:      layout_rooms, gammafunk_temple_overflow_statue, erik_orc_4,
          portal_ice_cave_entry_pillars_1
D:7:      layout_rooms, lightli_vaults_fourway_checkpoint,
          gammafunk_ghost_stat_death, chequers_serial_rivers_small_3,
          serial_shops, shop, hangedman_ranch [blue_anna_fruit_fields],
          small_statue_alley_a, hangedman_decor_clover_reticule,
          einodemon_armed_red_devil_minivault, uniq_azrael, uniq_urug
D:8:      hangedman_depths_entry_civil_slaughter, layout_stronghold,
          grunt_temple_overflow_open, minmay_fractal_squares_diagonal_5,
          uniq_agnes
Temple:   eino_temple_rhombus
Lair:1:   layout_chaotic_city, chequers_ossuary_entry_cave
Lair:2:   layout_roguey, ossuary_tomb_1
Lair:3:   layout_cave_pods, minmay_snake_entry_guardpost_small
Lair:4:   layout_concentric_octagons, elwin_shoals_entry_rooms,
          chequers_serial_rivers_small_3, chequers_serial_rivers_small_b,
          nicolae_quartered_pool_medium
Lair:5:   layout_layer_cave
Lair:6:   hangedman_lair_tendril_chambers, layout_gridlike, slime_altar_1,
          grunt_forest_small_clearings, serial_bayou_pond_b, uniq_circe
Snake:1:  layout_rooms, basic_altar
Snake:2:  layout_grid_shapes
Orc:1:    layout_caves, serial_shops, shop, mines_bat_river, uniq_erica
Orc:2:    pubby_orc_utopia, uniq_jorgrun, uniq_snorg

Skill      XL: |  1  2  3  4  5  6  7  8  9 10 11 12 13 14 15 16 17 |
---------------+----------------------------------------------------+-----
Short Blades   | 3 4 5 6 7 9 10 | 10.5
Armour         | 1 2 3 4 |  4.0
Fighting       | 2 3 4 5 |  5.7
Dodging        | 5 6 8 9 10 | 10.8
Stealth        | 4 7 9 |  9.3
Crossbows      | 2 5 12 15 18 20 21 23 | 23.0
Shields        | 1 5 7 9 13 20 | 20.5
Evocations     | 4 6 7 8 |  8.7
Spellcasting   | |  1.3
Fire Magic     | |  2.6
Invocations    | |  4.0

Action                   |  1- 3 |  4- 6 |  7- 9 | 10-12 | 13-15 | 16-18 || total
-------------------------+-------+-------+-------+-------+-------+-------++-------
Melee: Rapier            |    43 |     8 |       |    17 |    81 |    98 ||   247
       Short sword       |    29 |   225 |   466 |    51 |       |       ||   771
       Targe             |       |       |       |     4 |    62 |    95 ||   161
       Kick              |       |       |       |       |    10 |    18 ||    28
       Scimitar          |       |       |       |       |     5 |       ||     5
       Katar             |       |       |       |       |       |    24 ||    24
 Fire: Hand crossbow     |       |       |    53 |   303 |   691 |   606 ||  1653
Invok: Call Merchant     |       |       |     4 |       |     2 |     3 ||     9
Evoke: Wand              |       |       |       |       |     9 |    10 ||    19
       Fan of gales      |       |       |       |       |       |     1 ||     1
       Lamp of fire      |       |       |       |       |       |     1 ||     1
       Box of beasts     |       |       |       |       |       |     1 ||     1
       Sack of spiders   |       |       |       |       |       |     1 ||     1
  Use: Scroll            |       |       |     5 |     5 |     9 |    10 ||    29
       Potion            |       |       |       |     1 |    11 |       ||    12
 Stab: Sleeping          |       |     1 |     7 |       |       |     3 ||    11
       Distracted        |       |       |       |       |     1 |     2 ||     3
  Eat: Chunk             |       |     1 |     9 |       |       |       ||    10
       Ration            |       |       |     2 |     2 |     8 |     8 ||    20
Armor: Leather armour    |     4 |    33 |    33 |     8 |       |       ||    78
       Ring mail         |       |       |       |    17 |    79 |       ||    96
       Scale mail        |       |       |       |       |       |    76 ||    76
Dodge: Dodged            |    40 |   212 |   247 |    93 |   202 |   217 ||  1011
Block: Targe             |       |       |       |     7 |    69 |   134 ||   210
       Rpst.: Scimitar   |       |       |       |       |     3 |       ||     3
